 Dungeon Crawl Stone Soup version 0.29-a0-2-g12fcac58f8 (webtiles) character file.

Game seed: 6444014061300378386

3080524 melvinkitnick the Intangible (level 27, 214/214 HPs)
             Began as an Octopode Conjurer on Jan 24, 2022.
             Was the Champion of Ashenzari.
             Escaped with the Orb
             ... and 5 runes on Jan 26, 2022!
             The game lasted 05:28:14 (73778 turns).

melvinkitnick the Intangible (Octopode Conjurer)   Turns: 73778, Time: 05:28:15

Health: 214/214    AC: 31    Str: 10    XL:     27
Magic:  28/46      EV: 39    Int: 54    God:    Ashenzari [******]
Gold:   6465       SH:  5    Dex: 14    Spells: 7/65 levels left

rFire   + . .      SeeInvis +     - Unarmed
rCold   + . .      Faith    .   (shield currently unavailable)
rNeg    . . .      Spirit   .   (helmet currently unavailable)
rPois   ∞          Reflect  +   f - amulet "Overhang to Understand" {Reflect rElec Regen+ rCorr Int+5 Dex-5 SH+5, Self, Elem} (curse)
rElec   +          Harm     .   c - ring "Restrained With Me" {Will+, Bglg, Comp} (curse)
rCorr   +          Rampage  .   i - ring "Chained Inconvenience" {Int+6, Self, Evo} (curse)
Will    ++++.      Clarity  +   N - ring of the Ruined Discomfort {Int+6, Melee, Range} (curse)
Stlth   +++.......              Z - ring "Enlightened Stickiness" {rC+ Will+ Dex+4, Alch, Melee} (curse)
HPRegen 1.25/turn               Q - ring "Behold Eternity" {Fire +Blink rPois Stlth+, Elem, Comp} (curse)
MPRegen 0.30/turn               U - ring "Cursed Seer" {Int+6, Self, Melee} (curse)
                                T - ring of the Tortoise {AC+8, Melee, Fort} (curse)
                                q - ring "At What Cost Knowledge?" {rC+ Str+6 Int+3 Dex+2 Slay+3, Cun, Elem} (curse)

@: storm-form, flying, studying 2 skills
A: cleaving, flying, almost no armour, amphibious, 8 rings, (camouflage 1),
(gelatinous body 1), (nimble swimmer 1), (tentacles), (antennae 1), clumsy 1,
dopey 1, weak 1
0: Orb of Zot
}: 5/15 runes: decaying, serpentine, slimy, silver, abyssal
a: Blinkbolt, End Transformation, Renounce Religion, Evoke Blink, Shatter the
Chains


You escaped.
You worshipped Ashenzari.
Ashenzari was exalted by your worship.
You were a lightning-filled tempest!
You visited 12 branches of the dungeon, and saw 57 of its levels.
You visited the Abyss 1 time.
You also visited: Ice Cave and Desolation.

You collected 9551 gold pieces.
You spent 3086 gold pieces at shops.

Inventory:

Hand Weapons
 k - the +9 staff of Wucad Mu {*channel}
   (You found it on level 3 of the Depths)

   It occasionally powers its wielder's spells, but with a chance of causing
   confusion or draining the wielder's intelligence.
   It becomes more likely to activate and less likely to backfire with increased
   Evocations skill.
Missiles
 u - 2 silver javelins
 K - 2 throwing nets
 P - 10 curare-tipped darts
 S - 13 javelins
Armour
 e - the cursed orb of Ashenzari's Black Moon (melded) {*channel, Self, Range}
   (You found it on level 1 of the Dungeon)

   It has a curse which improves the following skills: Introspection: Fighting
   and Spellcasting.
   Ranged Combat: Slings, Bows, Crossbows and Throwing.
 H - the cursed +2 hat "Absolutism of Ashenzari" (melded) {Range, Cun}
   (You found it on level 8 of the Dungeon)

   It has a curse which improves the following skills: Ranged Combat: Slings,
   Bows, Crossbows and Throwing.
   Cunning:   Dodging and Stealth.
Magical Staves
 B - a cursed staff of conjuration (melded) {Evo, Elem}
Jewellery
 c - the cursed ring "Restrained With Me" (left fist) {Will+, Bglg, Comp}
   (You found it on level 1 of the Dungeon)

   [ring of willpower]

   Will:      It increases your willpower.
   It has a curse which improves the following skills: Beguiling: Conjurations,
   Hexes and Translocations.
   Companions: Summonings and Necromancy.
 f - the cursed amulet "Overhang to Understand" (around neck) {Reflect rElec Regen+ rCorr Int+5 Dex-5 SH+5, Self, Elem}
   (You found it on level 5 of the Pits of Slime)

   [amulet of reflection]

   It reflects blocked missile attacks.
   Int:       It affects your intelligence (+5).
   Dex:       It affects your dexterity (-5).
   rElec:     It insulates you from electricity.
   Regen:     It increases your rate of health regeneration.
   rCorr:     It protects you from acid and corrosion.
   SH:        It affects your SH (+5).
   It has a curse which improves the following skills: Introspection: Fighting
   and Spellcasting.
   Elements:  Fire Magic, Ice Magic, Air Magic and Earth Magic.
 i - the cursed ring "Chained Inconvenience" (right fist) {Int+6, Self, Evo}
   (You found it on level 3 of the Dungeon)

   [ring of intelligence]

   Int:       It affects your intelligence (+6).
   It has a curse which improves the following skills: Introspection: Fighting
   and Spellcasting.
   Evocations: Evocations.
 q - the cursed ring "At What Cost Knowledge?" (on tentacle) {rC+ Str+6 Int+3 Dex+2 Slay+3, Cun, Elem}
   (You found it in the Desolation of Salt)

   [ring of strength]

   Str:       It affects your strength (+6).
   Int:       It affects your intelligence (+3).
   Dex:       It affects your dexterity (+2).
   Slay:      It affects your accuracy & damage with ranged weapons and melee
   (+3).
   rC:        It protects you from cold.
   It has a curse which improves the following skills: Cunning: Dodging and
   Stealth.
   Elements:  Fire Magic, Ice Magic, Air Magic and Earth Magic.
 N - the cursed ring of the Ruined Discomfort (on tentacle) {Int+6, Melee, Range}
   (You bought it in a shop on level 2 of the Orcish Mines)

   [ring of intelligence]

   Int:       It affects your intelligence (+6).
   It has a curse which improves the following skills: Melee Combat: Short
   Blades, Long Blades, Axes, Maces & Flails, Polearms, Staves and Unarmed
   Combat.
   Ranged Combat: Slings, Bows, Crossbows and Throwing.
 Q - the cursed ring "Behold Eternity" (on tentacle) {Fire +Blink rPois Stlth+, Elem, Comp}
   (You found it on level 3 of the Crypt)

   [ring of fire]

   It enhances your fire magic.
   rF:        It protects you from fire.
   rC:        It makes you vulnerable to cold.
   rPois:     It protects you from poison.
   +Blink:    It lets you blink.
   Stlth:     It makes you more stealthy.
   It has a curse which improves the following skills: Elements: Fire Magic, Ice
   Magic, Air Magic and Earth Magic.
   Companions: Summonings and Necromancy.
 T - the cursed ring of the Tortoise (on tentacle) {AC+8, Melee, Fort}
   (You found it on level 1 of the Elven Halls)

   [ring of protection]

   AC:        It affects your AC (+8).
   It has a curse which improves the following skills: Melee Combat: Short
   Blades, Long Blades, Axes, Maces & Flails, Polearms, Staves and Unarmed
   Combat.
   Fortitude: Shields.
 U - the cursed ring "Cursed Seer" (on tentacle) {Int+6, Self, Melee}
   (You bought it in a shop on level 2 of the Orcish Mines)

   [ring of intelligence]

   Int:       It affects your intelligence (+6).
   It has a curse which improves the following skills: Introspection: Fighting
   and Spellcasting.
   Melee Combat: Short Blades, Long Blades, Axes, Maces & Flails, Polearms,
   Staves and Unarmed Combat.
 Z - the cursed ring "Enlightened Stickiness" (on tentacle) {rC+ Will+ Dex+4, Alch, Melee}
   (You bought it in a shop on level 2 of the Orcish Mines)

   [ring of protection from cold]

   Dex:       It affects your dexterity (+4).
   rC:        It protects you from cold.
   Will:      It increases your willpower.
   It has a curse which improves the following skills: Alchemy: Poison Magic and
   Transmutations.
   Melee Combat: Short Blades, Long Blades, Axes, Maces & Flails, Polearms,
   Staves and Unarmed Combat.
Wands
 s - a wand of polymorph (25)
 G - a wand of flame (70)
 I - a wand of paralysis (35)
 M - a wand of digging (11)
 R - a wand of acid (18)
 V - a wand of iceblast (47)
Scrolls
 b - 7 scrolls of magic mapping
 n - 4 scrolls of fear
 o - 8 scrolls of silence
 t - 20 scrolls of teleportation
 v - 8 scrolls of summoning
 y - 4 scrolls of holy word
 C - 4 scrolls of amnesia
 D - 6 scrolls of fog
 J - 6 scrolls of blinking
 L - 12 scrolls of immolation
Potions
 a - 5 potions of cancellation
 d - 2 potions of invisibility
 g - 15 potions of haste
 h - 4 potions of resistance
 l - 29 potions of curing
 p - 6 potions of mutation
 r - 2 potions of ambrosia
 w - 16 potions of heal wounds
 x - 7 potions of might
 z - 10 potions of brilliance
 A - 10 potions of lignification
 E - 5 potions of berserk rage
 X - 2 potions of magic
Miscellaneous
 j - a lightning rod (4/4)
 m - a condenser vane
 F - a phantom mirror
 O - a phial of floods
 W - a tin of tremorstones (2/2)
 Y - a box of beasts


   Skills:
 + Level 19.3(24.1) Fighting
 - Level 4.0(9.4) Staves
 O Level 27 Dodging
 - Level 17.5(20.0) Stealth
 * Level 19.9(25.7) Unarmed Combat
 - Level 14.7(19.7) Spellcasting
 + Level 14.0(16.5) Conjurations
 - Level 4.0(6.4) Hexes
 - Level 18.3(22.0) Necromancy
 - Level 9.3(12.0) Translocations
 + Level 15.1(17.6) Transmutations
 - Level 15.0(20.0) Air Magic
 - Level 9.3(12.0) Evocations


You had 7 spell levels left.
You knew the following spells:

 Your Spells              Type           Power      Damage    Failure   Level
a - Apportation           Tloc           100%       N/A       0%          1
c - Manifold Assault      Tloc           100%       N/A       1%          5
f - Chain Lightning       Conj/Air       64%        3d86      14%         9
g - Orb of Destruction    Conj           62%        9d15      1%          7
i - Passwall              Tmut/Erth      83%        N/A       0%          2
j - Death's Door          Necr           69%        N/A       3%          9
k - Borgnjor's Revivific  Necr           69%        N/A       1%          8
n - Storm Form            Tmut/Air       65%        N/A       1%          7
u - Blink                 Tloc           100%       N/A       0%          2
v - Maxwell's Capacitive  Air            66%        ∞         1%          8

Your spell library contained the following spells:

 Spells                   Type           Power      Damage    Failure   Level
 Animate Skeleton         Necr           100%       N/A       0%          1
 Beastly Appendage        Tmut           100%       N/A       0%          1
 Foxfire                  Conj/Fire      100%       2x1d9     0%          1
 Magic Dart               Conj           100%       1d8       0%          1
 Shock                    Conj/Air       100%       1d9       0%          1
 Corpse Rot               Necr/Air       100%       N/A       0%          2
 Poisonous Vapours        Pois/Air       100%       N/A       0%          2
 Searing Ray              Conj           100%       2d8       0%          2
 Static Discharge         Conj/Air       100%       N/A       0%          2
 Wereblood                Tmut           100%       N/A       0%          2
 Dazzling Flash           Conj/Hex       100%       N/A       0%          3
 Gell's Gravitas          Tloc           100%       N/A       0%          3
 Lesser Beckoning         Tloc           100%       N/A       0%          3
 Mephitic Cloud           Conj/Pois/Air  100%       N/A       0%          3
 Swiftness                Air            100%       N/A       0%          3
 Teleport Other           Tloc           100%       N/A       0%          3
 Vampiric Draining        Necr           100%       2d13      0%          3
 Airstrike                Air            66%        N/A       0%          4
 Anguish                  Hex/Necr       59%        N/A       0%          4
 Animate Dead             Necr           69%        N/A       0%          4
 Dispel Undead            Necr           100%       3d31      0%          4
 Iskenderun's Mystic Bla  Conj/Tloc      100%       2d19      0%          4
 Blade Hands              Tmut           63%        N/A       0%          5
 Excruciating Wounds      Necr           69%        N/A       0%          5
 Iskenderun's Battlesphe  Conj           100%       2d15      0%          5
 Lightning Bolt           Conj/Air       64%        1d88      0%          5
 Death Channel            Necr           69%        N/A       0%          6
 Slow                     Hex            100%       N/A       1%          1
 Summon Small Mammal      Summ           100%       N/A       1%          1
 Ensorcelled Hibernation  Hex/Ice        100%       N/A       1%          2
 Scorch                   Fire           100%       2d10      1%          2
 Call Canine Familiar     Summ           56%        N/A       1%          3
 Confusing Touch          Hex            89%        N/A       1%          3
 Conjure Flame            Conj/Fire      100%       6-21      1%          3
 Frozen Ramparts          Ice            100%       1d12      1%          3
 Ignite Poison            Fire/Tmut/Pois 100%       N/A       1%          3
 Inner Flame              Hex/Fire       95%        N/A       1%          3
 Ozocubu's Armour         Ice            57%        N/A       1%          3
 Portal Projectile        Hex/Tloc       100%       N/A       1%          3
 Spider Form              Tmut/Pois      100%       N/A       1%          3
 Stone Arrow              Conj/Erth      100%       3d13      1%          3
 Summon Guardian Golem    Hex/Summ       74%        N/A       1%          3
 Cause Fear               Hex            44%        N/A       1%          4
 Flame Wave               Conj/Fire      100%       2d17      1%          4
 Fulminant Prism          Conj/Hex       54%        3d23      1%          4
 Hailstorm                Conj/Ice       98%        3d19      1%          4
 Ice Form                 Ice/Tmut       100%       N/A       1%          4
 Leda's Liquefaction      Hex/Erth       37%        N/A       1%          4
 Petrify                  Tmut/Erth      100%       N/A       1%          4
 Sticky Flame             Conj/Fire      100%       2d11      1%          4
 Summon Ice Beast         Ice/Summ       57%        N/A       1%          4
 Summon Lightning Spire   Summ/Air       100%       N/A       1%          4
 Alistair's Intoxication  Tmut/Pois      66%        N/A       1%          5
 Borgnjor's Vile Clutch   Necr/Erth      54%        N/A       1%          5
 Fireball                 Conj/Fire      60%        3d23      1%          5
 Metabolic Englaciation   Hex/Ice        37%        N/A       1%          5
 Silence                  Hex/Air        57%        N/A       1%          5
 Summon Forest            Summ/Tloc      44%        N/A       1%          5
 Summon Mana Viper        Hex/Summ       74%        N/A       1%          5
 Yara's Violent Unravell  Hex/Tmut       55%        3d21      1%          5
 Conjure Ball Lightning   Conj/Air       64%        3x3d23    1%          6
 Eringya's Noxious Bog    Tmut/Pois      50%        N/A       1%          6
 Iron Shot                Conj/Erth      49%        9d9       1%          6
 Simulacrum               Ice/Necr       54%        N/A       1%          6
 Starburst                Conj/Fire      60%        6d16      1%          6
 Statue Form              Tmut/Erth      66%        N/A       1%          6
 Dragon Form              Tmut           63%        N/A       1%          7
 Lee's Rapid Deconstruct  Erth           28%        3d16*     4%          5
 Spellforged Servitor     Conj/Summ      49%        N/A       6%          7
 Enfeeble                 Hex            44%        N/A       16%         7
 Malign Gateway           Summ/Tloc      44%        N/A       16%         7
 Summon Cactus Giant      Summ           28%        N/A       30%         6
 Summon Hydra             Summ           28%        N/A       86%         7
 Infestation              Necr           69%        N/A       1%          8
 Necromutation            Tmut/Necr      66%        N/A       1%          8
 Discord                  Hex            44%        N/A       75%         8
 Ignition                 Fire           37%        3d11      100%        8
 Summon Horrible Things   Summ           28%        N/A       100%        8
 Dragon's Call            Summ           28%        N/A       100%        9
 Fire Storm               Conj/Fire      60%        8d15      100%        9
 Shatter                  Erth           28%        3d24*     100%        9
 Animate Armour           Summ/Erth      Unusable   N/A       N/A         4

Dungeon Overview and Level Annotations

Branches:
Dungeon (15/15)            Temple (1/1) D:6            Lair (6/6) D:8
  Swamp (4/4) Lair:3        Snake (4/4) Lair:2        Slime (5/5) Lair:6
    Orc (2/2) D:11            Elf (3/3) Orc:2        Vaults (5/5) D:14
  Crypt (3/3) Vaults:3       Tomb (0/3) Crypt:3      Depths (4/4) D:15
    Zot (5/5) Depths:4      IceCv (visited)         Desolation (visited)

Altars:
Ashenzari
Cheibriados
Dithmenos
Elyvilon
Fedhas
Gozag
Hepliaklqana
Kikubaaqudgha
Makhleb
Nemelex Xobeh
Okawaru
Qazlal
Ru
Sif Muna
Trog
Uskayaw
Vehumet
Wu Jian
Xom
Yredelemnul
Zin
The Shining One
Beogh
Jiyva

Shops:
D:2 (   D:11 [   Orc:1 (   Orc:2 !**=   Elf:1 :[![   Snake:1 ?*([   Vaults:1 (
Vaults:2 !   Vaults:4 !   Depths:3 *[!

Portals:
Hell: Depths:1 Depths:2 Depths:3 Depths:4
Abyss: Depths:3 Depths:4
Pandemonium: Depths:2
Ziggurat: Depths:3
Trove: Vaults:3 (give 6 potions of haste)


Innate Abilities, Weirdness & Mutations

You are a lightning-filled tempest!
Your electrical attacks strike out in all directions at once.
You are incredibly evasive.
You are flying.
You are immune to poison.
Your armour is entirely melded.
You are incapable of wielding weapons or throwing items.
You cannot wear most types of armour.
You are amphibious.
You can wear up to eight rings at the same time.
((Your skin changes colour to match your surroundings (Stealth+).))
((Your rubbery body absorbs attacks. (AC +1, EV +1)))
((You are camouflaged when in or above water. (Stealth+)))
((You have tentacles for arms and can constrict up to eight enemies at once.))
((You have a pair of small antennae on your head.))
You are clumsy. (Dex -2)
You are dopey. (Int -2)
You are weak. (Str -2)


Message History

There is a stone staircase leading down here.
HP restored.
There is a stone staircase leading up here.
Things that are here:
a +0 scale mail; a +0 falchion You fly upwards.
There is a stone staircase leading down here.
Casting: Manifold Assault (safe; 1% risk of failure)
Confirm with . or Enter, or press ? or * to list all spells.
You extend your transformation's duration.
A profane servitor comes into view. It is wielding a +1 whip.
The profane servitor hits you but does no damage.
You block the profane servitor's attack.
You blast the profane servitor!!!
The profane servitor is moderately damaged.
You batter the profane servitor!! You punch the profane servitor.
The profane servitor is heavily damaged.
The profane servitor completely misses you.
You block the profane servitor's attack.
You closely miss the profane servitor. You punch the profane servitor!
The profane servitor is heavily damaged.
The profane servitor misses you. x2
You hit the profane servitor.
The profane servitor is heavily damaged.
The profane servitor completely misses you. x2
You closely miss the profane servitor.
The profane servitor is heavily damaged.
The profane servitor completely misses you. x2
You blast the profane servitor!!!!
You destroy the profane servitor!
Casting: Storm Form (mildly dangerous; 1% risk of failure)
Confirm with . or Enter, or press ? or * to list all spells.
Aiming: Passwall (safe; 0% risk of failure)
Press: ? - help, Dir - move target A rock wall.
This square is covered in magical glow.
You begin to meditate on the wall.
You continue meditating on the rock. x2
You finish merging with the rock.
There is a staircase leading out of the dungeon here.
You have escaped!

.# #.#.# .## #.#.#######
..#####.#.......#####
#.#####......##...###
#..######...........#
#..#####...#...#'#..#####
#..............#.#......#
#.######...#.###.######.##
#)#######.##.#..v..## #..#
#.##############.#######{#
..######.+.............+{#
#.#### #.####.#####.####.#
.#.### #...##.#####.##...#
.≈#.######.'.........'.###
≈≈)#.##...######.#######
.≈..#.#.###...........#
≈≈≈≈#.#.# ######.######


There were no monsters in sight!

Vanquished Creatures
  the Royal Jelly (Slime:5)
  3 dread liches (Zot:5)
  An ancient lich (Zot:5)
  7 orbs of fire
  A juggernaut (Zot:2)
  Sojobo (Depths:1)
  Boris (Crypt:1)
  Frederick (Crypt:1)
  The ghost of Ifanass the Shatterer, a veteran GnWz of Nemelex Xobeh (Depths:3)
  4 Killer Klowns (Zot:5)
  Bai Suzhen (Snake:4)
  Saint Roka (Vaults:3)
  A pandemonium lord (D:8)
  3 curse toes
  3 caustic shrikes (Depths:4)
  10 golden dragons
  Nikola (Snake:2)
  A profane servitor (D:1)
  Jory (Crypt:3)
  An iron giant (Depths:3)
  A hellephant (Depths:4)
  5 electric golems
  A shard shrike zombie (Crypt:3)
  Rupert (D:15)
  25 Orb Guardians (Zot:5)
  25 tentacled monstrosities
  4 liches
  An Ice Fiend (IceCv)
  5 titans
  7 deep elf blademasters
  8 quicksilver dragons
  2 deep elf master archers (Elf:3)
  14 death cobs
  2 Executioners
  Frances (Snake:2)
  28 acid blobs
  An ancient champion (Crypt:2)
  15 storm dragons
  2 sphinxes
  2 thorn hunters (Swamp:4)
  The ghost of Funofi the Executioner, an adept MiBe of Trog (Depths:3)
  Gastronok (Orc:1)
  16 shadow dragons
  6 tengu reavers
  Donald (Elf:1)
  3 revenants
  10 rockslimes
  12 azure jellies
  11 draconian monks
  11 nagarajas
  6 deep elf sorcerers
  9 frost giants
  4 draconian knights
  10 fire giants
  14 vault wardens
  A ghost moth (Zot:3)
  4 iron dragons
  An imperial myrmidon (Desolation)
  Aizul (Snake:4)
  Louise (D:14)
  9 draconian scorchers
  4 cacodemons
  A deep elf elementalist (Elf:3)
  2 orc warlords (Depths:3)
  14 quicksilver oozes
  A curse skull (Crypt:2)
  4 draconian stormcallers
  7 draconian shifters
  14 ghouls
  A hydra zombie (Swamp:4)
  18 ironbound preservers
  The ghost of Raitaz the Bludgeoner, a journeyman MiBe of Trog (Depths:3)
  11 draconian annihilators
  32 very ugly things
  3 war gargoyles
  13 stone giants
  32 vampire knights
  3 ironbound thunderhulks
  The ghost of Uclego the Executioner, a journeyman MiBe of Trog (Lair:6)
  7 green draconians
  Azrael (Snake:2)
  2 deep elf demonologists
  Nessos (D:14)
  3 eleionomae
  14 dire elephants
  6 grey draconians (Zot:2)
  An entropy weaver (Vaults:2)
  13 white draconians
  2 deep elf annihilators (Elf:3)
  19 purple draconians
  13 yellow draconians
  26 red draconians
  8 black draconians
  2 halazid warlocks (Desolation)
  3 eidola
  8 spark wasps (Depths:3)
  7 deep elf death magi
  The ghost of ma3 the Transmogrifier, a journeyman OpTm of Gozag (Orc:2)
  6 bunyips
  3 crystal guardians
  An elf zombie (Crypt:3)
  A blizzard demon (D:4)
  13 jiangshi
  7 fire dragons
  21 ettins
  8 ragged hierophants (Desolation)
  7 great orbs of eyes
  8 yaktaur captains
  9 deep elf high priests
  3 shambling mangroves (Swamp:4)
  39 vault guards
  11 servants of whispers (Desolation)
  A boulder beetle (shapeshifter) (Vaults:5)
  A salamander tyrant (Snake:4)
  3 ogre magi
  A caustic shrike simulacrum (IceCv)
  14 naga warriors
  2 rakshasas
  A fenstrider witch zombie (Crypt:3)
  3 boulder beetles
  10 ice dragons
  14 hydras
  5 ironbound frosthearts
  11 centaur warriors
  A ghost crab (Swamp:1)
  4 anacondas
  7 peacekeepers
  12 deep troll shamans
  5 spriggan air magi
  10 alligators
  2 death knights (Crypt:1)
  3 death yaks (Lair:6)
  33 dancing weapons
  12 hell hogs (Depths:4)
  4 tengu warriors
  12 two-headed ogres
  9 naga sharpshooters
  14 deep troll earth magi
  2 orc high priests
  2 spriggan berserkers (Depths:3)
  21 vampire magi
  7 shock serpents
  Urug (Lair:4)
  3 thrashing horrors
  4 hell knights (Depths:3)
  21 deep elf knights
  A sun demon (D:10)
  28 skeletal warriors
  2 storm dragon zombies (Crypt:3)
  A shadow wraith (Vaults:5)
  4 wretched stars
  4 goliath frogs
  A storm dragon skeleton (Vaults:4)
  13 iron trolls
  A sixfirhy (Abyss:3)
  3 salamander mystics
  A spark wasp zombie (Crypt:2)
  A spatial maelstrom (Abyss:4)
  2 sea snakes (Snake:1)
  7 starcursed masses
  7 glowing orange brains
  6 flayed ghosts
  A glowing orange brain (shapeshifter) (Vaults:5)
  2 golden dragon zombies (Crypt:3)
  13 bog bodies
  3 spriggan druids (Swamp:4)
  11 orc knights
  2 obsidian statues (IceCv)
  16 wizards
  93 deep trolls
  2 spriggan simulacra
  9 swamp dragons
  7 lindwurms
  4 spectral hydras (Swamp:4)
  33 deep elf zephyrmancers
  6 naga ritualists (Snake:4)
  17 ironbound convokers
  6 deep elf archers
  27 deep elf pyromancers
  A tengu zombie (Depths:1)
  12 phantasmal warriors
  9 necromancers
  A wolf spider (Lair:6)
  A shadow dragon zombie (Vaults:4)
  12 mana vipers
  7 cyclopes
  4 orc sorcerers
  3 fire giant zombies
  A shining eye (shapeshifter) (Depths:4)
  A stone giant zombie (Depths:1)
  3 oklob plants (Swamp:4)
  A cyclops (shapeshifter) (Vaults:5)
  52 ugly things
  2 sphinx skeletons
  15 shining eyes
  4 will-o-the-wisps
  4 manticores
  11 salamanders
  2 worldbinders (Abyss:4)
  An eleionoma skeleton (Crypt:2)
  2 apocalypse crabs
  3 elephants (Lair:6)
  27 moths of wrath
  11 guardian serpents
  A rust devil (D:8)
  A frost giant skeleton (Crypt:1)
  29 black mambas
  A black mamba (shapeshifter) (Depths:3)
  A titan simulacrum (Crypt:1)
  18 naga magi
  A molten gargoyle (Desolation)
  3 gargoyles
  17 vault sentinels
  3 eyes of devastation
  4 smoke demons (Abyss:4)
  2 orange demons (D:14)
  A dire elephant zombie (Crypt:3)
  19 cane toads
  2 human zombies (Vaults:4)
  4 rime drakes
  3 elf skeletons (Vaults:4)
  Psyche (D:10)
  A hellion (Abyss:3)
  An unseen horror (D:11)
  7 komodo dragons
  A kobold demonologist (Abyss:4)
  4 tormentors
  2 entropy weaver simulacra
  8 freezing wraiths
  19 yaktaurs
  A tengu conjurer (Depths:1)
  A yaktaur skeleton (Vaults:4)
  Maggie (D:6)
  A yaktaur (shapeshifter) (D:14)
  An elf (Depths:3)
  A spriggan zombie (Depths:1)
  A red devil (D:8)
  3 anaconda simulacra
  3 ancient zymes (Abyss:4)
  A hellwing (Abyss:1)
  A silent spectre (Abyss:3)
  3 golden dragon simulacra (IceCv)
  5 guardian mummies (Crypt:3)
  A bloated husk (Swamp:3)
  A sea snake skeleton (Crypt:1)
  7 trolls
  A troll (shapeshifter) (Elf:1)
  2 death drake zombies (Swamp:4)
  A tengu simulacrum (Vaults:4)
  11 hornets
  2 death drake skeletons (Swamp:4)
  3 polar bears
  15 blink frogs
  A fire dragon zombie (Crypt:3)
  A merfolk (shapeshifter) (Vaults:5)
  11 tyrant leeches
  126 slime creatures
  A dream sheep (Lair:5)
  9 raiju
  57 saltlings (Desolation)
  A frost giant simulacrum (Depths:1)
  An ettin zombie (Crypt:3)
  7 flying skulls
  3 water elementals
  An ettin skeleton (Vaults:4)
  2 ice dragon zombies
  Sigmund (D:5)
  2 ynoxinuls (Abyss:4)
  An ice dragon skeleton (Crypt:2)
  3 air elementals
  A shadow (D:12)
  3 wraiths (Crypt:1)
  7 wyverns (Lair:6)
  A dire elephant simulacrum (IceCv)
  17 vampires
  6 basilisks
  6 fire elementals
  6 humans
  2 fire bats (Depths:2)
  35 yaks
  3 neqoxecs
  16 golden eyes
  3 chaos spawn
  A wind drake skeleton (Crypt:3)
  31 large abominations
  21 vampire mosquitoes
  A tyrant leech zombie (Crypt:3)
  2 minotaur simulacra
  2 steam dragons
  4 redbacks
  7 wargs
  21 small abominations
  37 nagas
  2 naga zombies
  4 hydra simulacra
  15 swamp worms
  4 harpy simulacra
  25 water moccasins
  2 floating eyes
  5 hell hounds (Snake:2)
  45 orc warriors
  2 ogre skeletons (Vaults:4)
  5 swamp drakes
  A black bear (D:5)
  A sky beast (D:8)
  4 ettin simulacra (IceCv)
  A blink frog zombie (Crypt:2)
  An ice beast (D:5)
  8 ogres
  4 necrophages
  An ogre (shapeshifter) (Abyss:3)
  A hog zombie (Crypt:3)
  5 boggarts
  33 centaurs
  2 swamp dragon skeletons (Swamp:4)
  10 wolves
  A snapping turtle skeleton (Crypt:1)
  A dream sheep skeleton (Crypt:1)
  2 phantoms (D:4)
  2 deep troll simulacra
  8 bullfrogs
  3 earth elementals
  2 gnoll sergeants
  3 scorpions
  A water moccasin zombie (D:6)
  A cyclops skeleton (Crypt:2)
  2 spectral wargs (Depths:3)
  5 killer bees (D:10)
  3 lindwurm simulacra
  4 human simulacra (Vaults:4)
  A troll skeleton (Crypt:2)
  20 wights
  8 howler monkeys
  3 electric eels
  A bullfrog zombie (D:5)
  3 centaur zombies
  2 quasits
  3 hounds
  5 jellies
  19 orc priests
  2 bullfrog skeletons (D:5)
  2 centaur skeletons (D:7)
  A gnoll shaman (D:6)
  An iron imp (Abyss:3)
  4 iguanas
  Terence (D:2)
  A basilisk skeleton (Crypt:2)
  5 hell rats (Lair:4)
  38 orc wizards
  An acid dragon zombie (Crypt:3)
  A demigod skeleton (Crypt:2)
  A hound skeleton (D:5)
  7 mummies (Crypt:3)
  A howler monkey zombie (D:7)
  15 gnolls
  7 adders
  A swamp drake skeleton (Crypt:3)
  A white imp (Vaults:4)
  2 ufetubi
  A lava snake zombie (Crypt:3)
  2 worms
  An adder skeleton (D:4)
  A barachi skeleton (Crypt:1)
  A barachi zombie (Crypt:3)
  2 dart slugs
  101 orcs
  6 bats
  8 endoplasms
  4 giant cockroaches
  A gnoll zombie (Crypt:3)
  11 goblins
  8 hobgoblins
  6 quokkas
  7 ball pythons
  2 frilled lizards
  A hobgoblin skeleton (Crypt:2)
  7 kobolds
  A kobold skeleton (Crypt:2)
  10 rats
  3 briar patches (Swamp:4)
  A bush (Lair:6)
  A lurking horror (Abyss:4)
  3 pillars of salt (Vaults:3)
2788 creatures vanquished.

Vanquished Creatures (others)
  A vault warden (Vaults:5)
  A tengu warrior (D:14)
  A deep elf knight (Elf:2)
  A swamp dragon (Swamp:3)
  A deep elf pyromancer (Elf:2)
  A phantasmal warrior (Vaults:5)
  A black mamba (Snake:2)
  A bloated husk (Swamp:4)
  2 orc warriors
  A centaur (D:11)
  A boggart (Depths:3)
  50 ball lightnings
  A briar patch (Swamp:4)
  A bush (Lair:5)
  10 foxfires
  248 fulminant prisms
  53 fungi
  7 pillars of salt (Vaults:3)
  176 plants
  2 starspawn tentacles (Abyss:4)
  3 withered plants
563 creatures vanquished.

Grand Total: 3351 creatures vanquished

Notes
Turn   | Place    | Note
-------+----------+-------------------------------------------
     0 | D:1      | melvinkitnick the Octopode Conjurer began the quest for the
                  | Orb.
     0 | D:1      | Reached XP level 1. HP: 11/11 MP: 3/3
   317 | D:1      | Reached XP level 2. HP: 14/17 MP: 0/5
   320 | D:1      | Learned a level 2 spell: Searing Ray
   502 | D:1      | Found a faded altar of an unknown god.
   805 | D:1      | Reached XP level 3. HP: 19/21 MP: 1/6
  1314 | D:2      | Noticed Terence
  1825 | D:2      | Reached skill level 5 in Conjurations
  2024 | D:2      | Reached XP level 4. HP: 27/27 MP: 4/8
  2090 | D:2      | Learned a level 4 spell: Fulminant Prism
  2113 | D:2      | Found Yruetay's Antique Weapon Shop.
  2763 | D:3      | Reached XP level 5. HP: 31/31 MP: 3/9
  2883 | D:3      | Found a broken altar of Ashenzari.
  2892 | D:3      | Became a worshipper of Ashenzari the Shackled
  2918 | D:3      | Found a snail-covered altar of Cheibriados.
  2977 | D:3      | Found a shadowy altar of Dithmenos.
  3047 | D:3      | Found a shimmering altar of Xom.
  3499 | D:4      | Reached XP level 6. HP: 36/36 MP: 9/11
  3511 | D:4      | Reached skill level 1 in Fighting
  3511 | D:4      | Reached skill level 1 in Hexes
  3632 | D:4      | Learned a level 4 spell: Iskenderun's Mystic Blast
  3635 | D:4      | Noticed an orc warrior
  3790 | D:4      | Killed an orc warrior
  4048 | D:4      | Reached XP level 7. HP: 40/45 MP: 4/13
  4203 | D:4      | Identified the +3 leather armour "Nifioqywn" {Str+4}
  4458 | D:4      | Found a stormy altar of Qazlal.
  4467 | D:4      | Found a blossoming altar of Fedhas.
  4805 | D:5      | Entered Level 5 of the Dungeon
  5222 | D:5      | Noticed Sigmund
  5305 | D:5      | Killed Sigmund
  5306 | D:5      | Reached XP level 8. HP: 54/54 MP: 6/14
  5895 | D:5      | Reached skill level 5 in Fighting
  6278 | D:2      | Killed Terence
  6493 | D:6      | Noticed Maggie
  6497 | D:6      | Reached * piety under Ashenzari
  6516 | D:6      | Killed Maggie
  6644 | D:6      | Reached XP level 9. HP: 63/63 MP: 1/16
  7681 | D:6      | Found a staircase to the Ecumenical Temple.
  7705 | D:6      | Reached skill level 10 in Conjurations
  7786 | Temple   | Entered the Ecumenical Temple
  9550 | D:7      | Identified a scroll of acquirement
  9559 | D:7      | Acquired a staff of conjuration
  9797 | D:7      | Reached XP level 10. HP: 68/73 MP: 8/17
 10040 | D:7      | Reached ** piety under Ashenzari
 10318 | D:7      | Found a shimmering blue altar of Sif Muna.
 10319 | D:7      | Found an ancient bone altar of Kikubaaqudgha.
 10319 | D:7      | Found a radiant altar of Vehumet.
 10319 | D:7      | Identified Vehumet's Incunabulum of Confrontation
 10539 | D:8      | Found a glowing silver altar of Zin.
 11307 | D:8      | Reached skill level 3 in Dodging
 11416 | D:8      | Found a staircase to the Lair.
 12191 | D:9      | Reached *** piety under Ashenzari
 12724 | D:9      | Reached skill level 1 in Evocations
 12736 | D:9      | Reached skill level 5 in Spellcasting
 12832 | D:9      | Found an iron altar of Okawaru.
 12852 | D:9      | Reached **** piety under Ashenzari
 13475 | D:10     | Entered Level 10 of the Dungeon
 13480 | D:10     | Noticed Psyche
 13487 | D:10     | Killed Psyche
 13488 | D:10     | Reached skill level 4 in Dodging
 13588 | D:10     | Found a glowing golden altar of the Shining One.
 13608 | D:10     | Reached XP level 11. HP: 85/85 MP: 18/23
 13902 | D:10     | Noticed a deep elf pyromancer
 13909 | D:10     | Killed a deep elf pyromancer
 13990 | D:10     | Identified the Incunabulum of Confrontation
 14007 | D:10     | Learned a level 1 spell: Apportation
 14040 | D:10     | Acquired the +3 buckler "Juthroty" {Str+6}
 14438 | D:10     | Found a hazy altar of Hepliaklqana.
 14543 | Lair:1   | Entered Level 1 of the Lair of Beasts
 14554 | Lair:1   | Reached skill level 1 in Translocations
 15332 | Lair:2   | Noticed a boulder beetle
 15355 | Lair:2   | Killed a boulder beetle
 15542 | Lair:2   | Reached skill level 5 in Dodging
 16222 | Lair:2   | Found a staircase to the Snake Pit.
 16276 | Lair:2   | Reached skill level 1 in Staves
 16276 | Lair:2   | Reached skill level 1 in Transmutations
 16276 | Lair:2   | Reached skill level 1 in Air Magic
 16802 | Lair:3   | Noticed a boulder beetle
 16816 | Lair:3   | Killed a boulder beetle
 16817 | Lair:3   | Reached XP level 12. HP: 92/92 MP: 17/25
 17018 | Lair:3   | Found a staircase to the Swamp.
 17093 | Lair:3   | Reached ***** piety under Ashenzari
 17131 | Lair:3   | Noticed a seven-headed hydra
 17140 | Lair:3   | Killed a seven-headed hydra
 17276 | Lair:3   | Noticed a boulder beetle
 17299 | Lair:3   | Killed a boulder beetle
 17910 | Lair:4   | Noticed Urug
 17916 | Lair:4   | Killed Urug
 18187 | Lair:4   | Reached skill level 5 in Evocations
 18721 | Lair:5   | Reached skill level 6 in Dodging
 19015 | Lair:5   | Noticed an eight-headed hydra
 19030 | Lair:5   | Killed an eight-headed hydra
 19034 | Lair:5   | Reached skill level 5 in Air Magic
 19148 | Lair:5   | Reached skill level 5 in Transmutations
 19236 | Lair:5   | Reached XP level 13. HP: 104/104 MP: 21/29
 19853 | Lair:5   | Learned a level 7 spell: Storm Form
 19854 | Lair:6   | Entered Level 6 of the Lair of Beasts
 20069 | Lair:6   | Reached skill level 7 in Dodging
 20217 | Lair:6   | Found a runed translucent gate.
 20218 | Lair:6   | Found a runed translucent gate.
 20218 | Lair:6   | Noticed Uclego's ghost (journeyman MiBe)
 20219 | Lair:6   | Found a runed translucent gate.
 21601 | Lair:6   | Learned a level 7 spell: Orb of Destruction
 21825 | Lair:6   | Found a runed translucent door.
 22060 | Lair:6   | Reached skill level 8 in Dodging
 22071 | Lair:6   | Identified the ring "Cobekhip" {EV+4 Int+3}
 22185 | Lair:6   | Found a staircase to the Slime Pits.
 22354 | Lair:6   | Reached XP level 14. HP: 110/110 MP: 22/30
 22489 | Lair:6   | Found a viscous altar of Jiyva.
 23481 | D:11     | Found a staircase to the Orcish Mines.
 23601 | D:11     | Reached skill level 10 in Transmutations
 23650 | D:11     | Found Nymab's Armour Shop.
 23876 | D:11     | Identified the cursed +2 hat "Absolutism of Ashenzari"
                  | {Range, Cun} (You found it on level 8 of the Dungeon)
 23876 | D:11     | Identified the cursed orb of Ashenzari's Black Moon
                  | {*channel, Self, Range} (You found it on level 1 of the
                  | Dungeon)
 24144 | D:12     | Reached skill level 1 in Unarmed Combat
 24460 | D:12     | Reached ****** piety under Ashenzari
 24929 | D:13     | Found a broken altar of Ashenzari.
 25507 | D:14     | Found a gate to the Vaults.
 25527 | D:14     | Reached skill level 9 in Dodging
 25706 | D:14     | Noticed Louise
 25713 | D:14     | Noticed Nessos
 25714 | D:14     | Killed Louise
 25726 | D:14     | Killed Nessos
 25871 | D:14     | Reached skill level 5 in Unarmed Combat
 25873 | D:14     | Reached XP level 15. HP: 84/117 MP: 32/32
 25883 | D:14     | Reached skill level 10 in Fighting
 26310 | D:15     | Entered Level 15 of the Dungeon
 26310 | D:15     | Noticed Rupert
 26332 | D:15     | Killed Rupert
 26552 | D:15     | Found a staircase to the Depths.
 27407 | D:15     | Learned a level 6 spell: Conjure Ball Lightning
 27547 | Orc:1    | Entered Level 1 of the Orcish Mines
 27745 | Orc:2    | Entered Level 2 of the Orcish Mines
 27983 | Orc:2    | Found a staircase to the Elven Halls.
 28371 | Orc:1    | Noticed Gastronok
 28390 | Orc:1    | Killed Gastronok
 28391 | Orc:1    | Reached skill level 10 in Dodging
 28547 | Orc:1    | Found Irphisi's Antique Weapon Shop.
 28697 | Orc:2    | Found a runed translucent door.
 28697 | Orc:2    | Found a shimmering altar of Xom.
 28697 | Orc:2    | Noticed ma3's ghost (journeyman OpTm)
 28702 | Orc:2    | Identified the +10 morningstar of Bloody Death {chaos,
                  | rElec rF- Str-5 Int+6}
 28720 | Orc:2    | Killed ma3's ghost
 29146 | Orc:2    | Found Ehoesune's Assorted Antiques.
 29146 | Orc:2    | Found Wepnoqea's Assorted Antiques.
 29148 | Orc:2    | Found Fizewaiq's Distillery.
 29149 | Orc:2    | Found Jubebeir's Jewellery Shop.
 29282 | Orc:2    | Bought a potion of heal wounds for 90 gold pieces
 29282 | Orc:2    | Bought a potion of heal wounds for 90 gold pieces
 29287 | Orc:2    | Bought the ring "Foximota" {rC+ Will+ Dex+4} for 644 gold
                  | pieces
 29287 | Orc:2    | Bought a +6 ring of intelligence for 819 gold pieces
 29520 | Swamp:1  | Entered Level 1 of the Swamp
 29630 | Swamp:1  | Found a burning altar of Makhleb.
 29794 | Swamp:1  | Reached XP level 16. HP: 120/124 MP: 33/33
 30689 | Swamp:2  | Learned a level 5 spell: Manifold Assault
 30692 | Swamp:2  | Learned a level 2 spell: Blink
 31271 | Swamp:3  | Reached skill level 5 in Translocations
 31520 | Swamp:4  | Entered Level 4 of the Swamp
 31521 | Swamp:4  | Upgraded the game from 0.28-a0-1629-gf728b707aa to
                  | 0.28-a0-1638-g9123634e07
 31672 | Swamp:4  | Noticed a tentacled monstrosity
 31681 | Swamp:4  | Killed a tentacled monstrosity
 31682 | Swamp:4  | Reached skill level 11 in Dodging
 31770 | Swamp:4  | Reached skill level 10 in Unarmed Combat
 31990 | Swamp:4  | Reached XP level 17. HP: 119/134 MP: 19/36
 32166 | Swamp:4  | Found a blossoming altar of Fedhas.
 32265 | Swamp:4  | Found a basalt altar of Yredelemnul.
 32277 | Swamp:4  | Got a decaying rune of Zot
 32843 | Snake:1  | Entered Level 1 of the Snake Pit
 32843 | Snake:1  | Found Qolonoj's Weapon Shoppe.
 32843 | Snake:1  | Found Vurajan's Antique Armour Boutique.
 33290 | Snake:1  | Found Haazinn's Assorted Antiques.
 33299 | Snake:1  | Bought a potion of heal wounds for 160 gold pieces
 33323 | Snake:1  | Found Dul Muheu's Magic Scroll Emporium.
 33510 | Snake:2  | Found the +1 cloak of Starlight {*Dazzle EV+4 Stlth--}
 33555 | Snake:2  | Noticed Nikola
 33561 | Snake:2  | Killed Nikola
 33571 | Snake:2  | Noticed Azrael
 33590 | Snake:2  | Reached skill level 12 in Dodging
 33601 | Snake:2  | Killed Azrael
 34016 | Orc:2    | Bought a +6 ring of intelligence for 819 gold pieces
 34535 | Snake:2  | Noticed Frances
 34539 | Snake:2  | Killed Frances
 35056 | Snake:3  | Found an ornate altar of the Wu Jian Council.
 35812 | Snake:4  | Entered Level 4 of the Snake Pit
 35816 | Snake:4  | Noticed Aizul
 35820 | Snake:4  | Reached XP level 18. HP: 138/138 MP: 13/35
 35835 | Snake:4  | Killed Aizul
 36127 | Snake:4  | Noticed Bai Suzhen
 36156 | Snake:4  | Killed Bai Suzhen
 36290 | Snake:4  | Reached skill level 10 in Air Magic
 36763 | Snake:4  | Acquired the ring of Xebyqetu {rCorr MP+9}
 36885 | Snake:4  | Got a serpentine rune of Zot
 37044 | Snake:4  | Found a hazy altar of Hepliaklqana.
 37278 | Lair:6   | Reached skill level 13 in Dodging
 37283 | Lair:6   | Killed Uclego's ghost
 37582 | Vaults:1 | Entered Level 1 of the Vaults
 38001 | Vaults:1 | Reached XP level 19. HP: 85/146 MP: 36/36
 39172 | Vaults:1 | Found Ylajibuf's Antique Weapon Boutique.
 39351 | Vaults:1 | Learned a level 8 spell: Maxwell's Capacitive Coupling
 39609 | Vaults:2 | Reached skill level 14 in Dodging
 40221 | Vaults:2 | Found Simurph's Distillery.
 40229 | Vaults:2 | Bought a potion of heal wounds for 80 gold pieces
 40229 | Vaults:2 | Bought a potion of brilliance for 64 gold pieces
 40355 | Vaults:2 | Reached skill level 15 in Dodging
 41039 | Vaults:3 | Reached XP level 20. HP: 158/158 MP: 23/39
 41112 | Vaults:3 | Found a crumbling gateway.
 41125 | Desolati | Entered the Desolation of Salt
 41223 | Desolati | Identified the ring "Vikisubb" {rC+ Str+6 Int+3 Dex+2
                  | Slay+3}
 41243 | Desolati | Identified Sif Muna's Volume of Supportive Venom
 41439 | Desolati | Identified Kehawut's Volume of the Mountains
 41451 | Desolati | Learned a level 2 spell: Passwall
 41459 | Desolati | Found the +10 morningstar "Eos" {elec, Halo rElec}
 41470 | Desolati | Identified the +2 robe "Cunlif" {rF+ rN+ Will+ Dex-4}
 41487 | Desolati | Identified the +2 helmet of Narcissism {Int+7}
 41487 | Desolati | Identified the +8 great sword of the Gloaming {vorpal,
                  | Str+2}
 41502 | Desolati | Reached skill level 16 in Dodging
 41698 | Desolati | Reached skill level 15 in Air Magic
 41788 | Desolati | Identified the amulet "Nerpha" {RegenMP Fly}
 41849 | Desolati | Identified the +1 scale mail "Uwnaech" {rF+ Stlth+}
 42378 | Vaults:3 | Noticed Saint Roka
 42415 | Vaults:3 | Killed Saint Roka
 42421 | Vaults:3 | Reached skill level 17 in Dodging
 42936 | Vaults:3 | Found a portal to a secret trove of treasure.
 43120 | Vaults:3 | Found a staircase to the Crypt.
 43488 | Vaults:4 | Found the +7 Singing Sword {vorpal, sonic wave}
 43657 | Vaults:4 | Reached skill level 5 in Stealth
 43850 | Vaults:4 | Reached skill level 18 in Dodging
 43871 | Vaults:4 | Found Qisam's Distillery.
 43878 | Vaults:4 | Bought a potion of heal wounds for 95 gold pieces
 43960 | Vaults:4 | Reached XP level 21. HP: 164/164 MP: 40/40
 44505 | Vaults:4 | Reached skill level 19 in Dodging
 45314 | Elf:1    | Entered Level 1 of the Elven Halls
 45343 | Elf:1    | Found Eqed Sye's Armour Emporium.
 45363 | Elf:1    | Found a frozen archway.
 45369 | Elf:1    | Reached skill level 10 in Stealth
 45378 | IceCv    | Entered an ice cave
 45838 | Elf:1    | Found a runed translucent gate.
 45838 | Elf:1    | Found a runed translucent gate.
 45838 | Elf:1    | Found a runed translucent gate.
 45931 | Elf:1    | Found Hufou's Armour Emporium.
 46104 | Elf:1    | Noticed Donald
 46114 | Elf:1    | Killed Donald
 46241 | Elf:1    | Found Mariaxoi's Book Shop.
 46417 | Elf:1    | Found Rerhadop's Distillery.
 46427 | Elf:1    | Bought a potion of heal wounds for 90 gold pieces
 46479 | Elf:1    | Reached skill level 20 in Dodging
 46714 | Elf:1    | Found the ring of the Tortoise {AC+8}
 46734 | Elf:1    | Found a runed translucent gate.
 46734 | Elf:1    | Found a runed translucent gate.
 46770 | Elf:1    | Found a runed translucent gate.
 47207 | Elf:2    | Reached XP level 22. HP: 160/169 MP: 23/40
 47406 | Elf:2    | Identified the Tome of Supportive Attacks
 47711 | Elf:2    | Reached skill level 21 in Dodging
 47711 | Elf:2    | Found a runed translucent gate.
 47718 | Elf:2    | Found a runed translucent gate.
 47718 | Elf:2    | Found a runed translucent gate.
 48233 | Elf:3    | Entered Level 3 of the Elven Halls
 48910 | Elf:3    | Reached skill level 15 in Stealth
 49149 | Elf:3    | Identified the +2 leather armour "Xuecim" {rC+ Str+4 Int+4
                  | Stlth+}
 49149 | Elf:3    | Identified Sif Muna's Disquisition on the Creative Voyage
 49150 | Elf:3    | Identified the +9 ring mail "Temiwutu" {Harm Str+4 Dex+3}
 49155 | Elf:3    | Identified Ereshkigal's Reference Book on Conjuration
 49156 | Elf:3    | Identified the +10 crystal plate armour of Enoishu {Str+3}
 49164 | Elf:3    | Identified the +5 short sword "Poitzys" {protect, rF++
                  | Str+5 Dex-3}
 49168 | Elf:3    | Identified the ring "Poake" {rPois rF- MP+9 Dex+9 SInv}
 49651 | Crypt:1  | Entered Level 1 of the Crypt
 49713 | Crypt:1  | Reached skill level 22 in Dodging
 49731 | Crypt:1  | Noticed Boris
 49736 | Crypt:1  | Killed Boris
 49763 | Crypt:1  | Noticed Frederick
 49771 | Crypt:1  | Killed Frederick
 50027 | Crypt:1  | Reached XP level 23. HP: 178/178 MP: 37/42
 50204 | Crypt:1  | Identified the +0 scale mail of Hadjma {Rampage Dex+4 SInv}
 50649 | Crypt:2  | Identified the Volume of the Secret Villages
 51014 | Crypt:2  | Reached skill level 23 in Dodging
 51341 | Crypt:3  | Entered Level 3 of the Crypt
 51434 | Crypt:3  | Identified the +6 rapier of Jydunude {drain, Drain rElec
                  | Int+9}
 51647 | Crypt:3  | Identified the ring "Zitsip" {rF+ rN+ Int-3 Dex+2}
 51647 | Crypt:3  | Identified the ring of the Muttering Hero {rPois rC- rN+
                  | SInv}
 51966 | Crypt:3  | Found a staircase to the Tomb.
 52003 | Crypt:3  | Reached skill level 24 in Dodging
 52339 | Crypt:3  | Identified the Handbook of Stolen Souls
 52365 | Crypt:3  | Learned a level 9 spell: Death's Door
 52400 | Crypt:3  | Reached skill level 1 in Necromancy
 52529 | Crypt:3  | Identified the ring "Finevvol" {EV+4 Int+2}
 52531 | Crypt:3  | Identified Dacset's Volume of the Entourage and Hexes
 52565 | Crypt:3  | Identified the ring of Youthful Indiscretion {Fire +Blink
                  | rPois Stlth+}
 52572 | Crypt:3  | Noticed Jory
 52586 | Crypt:3  | Killed Jory
 52587 | Crypt:3  | Identified the +6 war axe of Liab {freeze, rPois rN+}
 52588 | Crypt:3  | Identified the amulet of the Dropbear {Spirit rPois rF+
                  | Dex-2}
 53453 | Slime:1  | Entered Level 1 of the Pits of Slime
 53506 | Slime:1  | Gained mutation: You passively map a small area around you.
                  | [a shining eye]
 53676 | Slime:2  | Reached skill level 5 in Necromancy
 54006 | Slime:3  | Reached XP level 24. HP: 149/184 MP: 36/42
 55146 | Slime:4  | Reached skill level 25 in Dodging
 55479 | Slime:5  | Entered Level 5 of the Pits of Slime
 55726 | Slime:5  | Gained mutation: You are dopey. (Int -2) [a shining eye]
 55739 | Slime:5  | Identified the amulet of Cinyr Omei {Reflect rElec Regen+
                  | rCorr Int+5 Dex-5 SH+5}
 55902 | Slime:5  | Noticed the Royal Jelly
 55906 | Slime:5  | Killed the Royal Jelly
 56091 | Slime:4  | Gained mutation: You expend magic power (3 MP) to
                  | strengthen your wands. [a shining eye]
 56659 | Slime:5  | Identified the +10 plate armour of the Wary Geomancers
                  | {Rampage Will+}
 56659 | Slime:5  | Identified the Almanac of Lightness and Snow
 56660 | Slime:5  | Found the +3 salamander hide armour {Flames rF++ rC--}
 56663 | Slime:5  | Identified the +8 rapier of Righteous Fury {antimagic,
                  | Str+4}
 56664 | Slime:5  | Identified the +5 battleaxe of the Singing Sybil {vamp,
                  | Will- rCorr MP-9 Int+4}
 56683 | Slime:5  | Identified the +4 scale mail of the Elven Halls {rF++ Int+3
                  | Dex-5 Slay+5}
 56685 | Slime:5  | Identified the ring of Vuwoemuu {Ice rPois rN++ rCorr
                  | Stlth-}
 56687 | Slime:5  | Identified the +6 plate armour of Kusuutuv {rC+}
 56697 | Slime:5  | Identified the +10 hand axe of Citan {vorpal, Will+ Str+2}
 56698 | Slime:5  | Identified the +0 pair of boots "Lun Xuimm" {Rampage rPois
                  | rF- Str+3}
 56703 | Slime:5  | Identified the amulet "Kuitux" {Acrobat rElec rPois rC-
                  | Dex+6}
 56737 | Slime:5  | Got a slimy rune of Zot
 57166 | Depths:1 | Entered Level 1 of the Depths
 57171 | Depths:1 | Found a gateway to Hell.
 57295 | Depths:1 | Found a hide-covered altar of Uskayaw.
 57384 | Depths:1 | Identified the amulet of Incredulity {RegenMP Str+3}
 57391 | Depths:1 | Reached skill level 10 in Necromancy
 57397 | Depths:1 | Noticed Sojobo
 57402 | Depths:1 | Killed Sojobo
 58152 | Depths:2 | Reached skill level 26 in Dodging
 58157 | Depths:2 | Reached XP level 25. HP: 130/185 MP: 40/40
 58190 | Depths:2 | Identified the Volume of Hexes and the Glacier
 58470 | Depths:2 | Identified the +5 scale mail of Zin's Displeasure {rF+}
 58520 | Depths:2 | Identified the Papyrus of Companions and Fire
 58896 | Depths:2 | Found a one-way gate leading to the halls of Pandemonium.
 59053 | Depths:3 | Found a runed translucent door.
 59056 | Depths:3 | Found a one-way gateway to a ziggurat.
 59063 | Depths:3 | Noticed Raitaz's ghost (journeyman MiBe)
 59225 | Depths:3 | Found a shadowy altar of Dithmenos.
 59225 | Depths:3 | Identified the +6 great sword of the New World {pain,
                  | Int+2}
 59695 | Depths:3 | Found a one-way gate to the infinite horrors of the Abyss.
 59869 | Depths:3 | Found the +9 staff of Wucad Mu {*channel}
 59880 | Depths:3 | Killed Raitaz's ghost
 59888 | Depths:3 | Found a runed translucent door.
 59891 | Depths:3 | Noticed Funofi's ghost (adept MiBe)
 59908 | Depths:3 | Killed Funofi's ghost
 59916 | Depths:3 | Found a runed translucent door.
 59920 | Depths:3 | Noticed Ifanass's ghost (veteran GnWz)
 59939 | Depths:3 | Killed Ifanass's ghost
 59940 | Depths:3 | Reached skill level 27 in Dodging
 60269 | Depths:3 | Found Kempot's General Store.
 60278 | Depths:3 | Bought a scroll of blinking for 135 gold pieces
 60302 | Depths:3 | Found The Legendary Jumoipp's Legendary Smithy.
 60466 | Depths:3 | Found an ancient bone altar of Kikubaaqudgha.
 60486 | Depths:3 | Found an ancient bone altar of Kikubaaqudgha.
 60511 | Depths:3 | Identified the ring of the Scarab {Fly rPois}
 60581 | Depths:3 | Identified the +10 hand axe "Wumal" {venom, *Slow rN+ Dex+3
                  | Stlth+}
 61037 | Depths:3 | Found a sparkling altar of Nemelex Xobeh.
 61133 | Depths:3 | Found Giatievu's Miraculous Elixirs.
 61263 | Depths:4 | Entered Level 4 of the Depths
 61302 | Depths:4 | Reached XP level 26. HP: 193/193 MP: 41/41
 61526 | Depths:4 | Reached skill level 10 in Spellcasting
 61613 | Depths:4 | Reached skill level 15 in Necromancy
 61904 | Depths:4 | Found a gate to the Realm of Zot.
 62026 | Depths:4 | Reached skill level 15 in Fighting
 62806 | Vaults:5 | Entered Level 5 of the Vaults
 63125 | Vaults:5 | Identified the +3 spear of Vem Myll {venom, rPois}
 63131 | Vaults:5 | Identified the +9 hand crossbow of Armageddon {venom,
                  | *Corrode rElec rPois Int+6}
 63270 | Vaults:5 | Got a silver rune of Zot
 63781 | Vaults:5 | Identified the +1 trident of Soft Exoneration {vorpal, Fly
                  | rElec rF- rN+}
 63784 | Vaults:5 | Identified the +5 dagger of the Lumpy Mystics {flame, Will+
                  | Int+2 Dex-4}
 63794 | Vaults:5 | Reached XP level 27. HP: 203/206 MP: 39/44
 63839 | Vaults:5 | Identified Sif Muna's Compendium of Malediction
 64019 | Vaults:5 | Identified the Compendium of Stolen Souls and Malediction
 64490 | Vaults:5 | Identified Deuschuja's Guide on Fiery Displacement
 64977 | Zot:1    | Entered Level 1 of the Realm of Zot
 64978 | Zot:1    | Upgraded the game from 0.28-a0-1638-g9123634e07 to
                  | 0.29-a0-2-g12fcac58f8
 65332 | Zot:1    | Noticed an orb of fire
 65333 | Zot:1    | Noticed an orb of fire
 65337 | Zot:1    | Killed an orb of fire
 65342 | Zot:1    | Killed an orb of fire
 65574 | Zot:1    | Learned a level 8 spell: Borgnjor's Revivification
 65586 | Zot:1    | Learned a level 9 spell: Chain Lightning
 65789 | Zot:1    | Reached skill level 15 in Unarmed Combat
 66408 | Zot:2    | Noticed a juggernaut
 66412 | Zot:2    | Killed a juggernaut
 69103 | Zot:4    | Gained mutation: You tend to lose your temper in combat.
                  | [mutagenic glow]
 69181 | Zot:4    | Lost mutation: You passively map a small area around you.
                  | [potion of mutation]
 69181 | Zot:4    | Lost mutation: You tend to lose your temper in combat.
                  | [potion of mutation]
 69181 | Zot:4    | Lost mutation: You are dopey. (Int -2) [potion of mutation]
 69181 | Zot:4    | Gained mutation: You tend to lose your temper in combat.
                  | [potion of mutation]
 69181 | Zot:4    | Gained mutation: You are agile. (Dex +2) [potion of
                  | mutation]
 69182 | Zot:4    | Lost mutation: You expend magic power (3 MP) to strengthen
                  | your wands. [potion of mutation]
 69182 | Zot:4    | Lost mutation: You tend to lose your temper in combat.
                  | [potion of mutation]
 69182 | Zot:4    | Gained mutation: You are very agile. (Dex +4) [potion of
                  | mutation]
 69182 | Zot:4    | Gained mutation: You are occasionally teleported next to
                  | monsters. [potion of mutation]
 69183 | Zot:4    | Lost mutation: You are very agile. (Dex +4) [potion of
                  | mutation]
 69183 | Zot:4    | Lost mutation: You are agile. (Dex +2) [potion of mutation]
 69183 | Zot:4    | Lost mutation: You are occasionally teleported next to
                  | monsters. [potion of mutation]
 69183 | Zot:4    | Gained mutation: You are clumsy. (Dex -2) [potion of
                  | mutation]
 69183 | Zot:4    | Gained mutation: You have a pair of small antennae on your
                  | head. [potion of mutation]
 70517 | Zot:5    | Entered Level 5 of the Realm of Zot
 71014 | Zot:5    | Noticed an orb of fire
 71017 | Zot:5    | Killed an orb of fire
 71045 | Zot:5    | Noticed an orb of fire
 71047 | Zot:5    | Gained mutation: You are dopey. (Int -2) [an orb of fire]
 71051 | Zot:5    | Killed an orb of fire
 71053 | Zot:5    | Noticed an ancient lich
 71054 | Zot:5    | Noticed an orb of fire
 71056 | Zot:5    | Gained mutation: You are weak. (Str -2) [an orb of fire]
 71057 | Zot:5    | Noticed a dread lich
 71302 | Zot:5    | Killed an ancient lich
 71412 | Zot:5    | Gained mutation: You are very clumsy. (Dex -4) [an orb of
                  | fire]
 71414 | Zot:5    | Killed an orb of fire
 71533 | Zot:5    | Noticed an orb of fire
 71536 | Zot:5    | Noticed an orb of fire
 71537 | Zot:5    | Killed an orb of fire
 71538 | Zot:5    | Noticed a dread lich
 71541 | Zot:5    | Killed a dread lich
 71545 | Zot:5    | Gained mutation: Your spells are a little easier to cast,
                  | but a little less powerful. [an orb of fire]
 71546 | Zot:5    | Killed an orb of fire
 71549 | Zot:5    | Killed a dread lich
 71549 | Zot:5    | Noticed a dread lich
 71556 | Zot:5    | Identified the +6 broad axe "Gied Eblifro" {drain, rF+
                  | Will+ Str+2}
 71562 | Zot:5    | Killed a dread lich
 72066 | Zot:5    | Lost mutation: Your spells are a little easier to cast, but
                  | a little less powerful. [potion of mutation]
 72066 | Zot:5    | Lost mutation: You are very clumsy. (Dex -4) [potion of
                  | mutation]
 72266 | Depths:4 | Voluntarily entered the Abyss.
 72329 | Abyss:3  | Found a corrupted altar of Lugonu.
 72392 | Abyss:3  | Paralysed by you for 4 turns
 72639 | Abyss:4  | Found a corrupted altar of Lugonu.
 72665 | Abyss:4  | Identified the ring of the Augurer {rElec rF- Will+ rCorr}
 72942 | Abyss:4  | Reached skill level 15 in Transmutations
 72942 | Abyss:4  | Got an abyssal rune of Zot
 73017 | Depths:4 | Escaped the Abyss
 73198 | Zot:5    | Got the Orb of Zot
 73579 | D:8      | Noticed Jinkou the pandemonium lord
 73581 | D:8      | Killed Jinkou the pandemonium lord
 73778 | D:$      | Escaped with the Orb!

Illustrated notes

Levels and vault maps discovered:
D:1:      shiori_shiawase, layout_loops_ring,
          shapermc_ecumenical_altar_starsandcircs, chequers_garden,
          minmay_tree_intersection, corner_web_ring, minmay_ruptured
D:2:      layout_loops_ring, serial_shops, shop, minmay_pentomino_p2,
          uniq_terence
D:3:      layout_loops_ring, mainiacjoe_overflow_paths, general_overflow_altar,
          xom_butterflies, amcnicky_altar_gilded, nicolae_underground_beach
D:4:      layout_loops_cross, kennysheep_mini, fedhas_altar_2, minmay_circle_x
D:5:      layout_loops_corners, uniq_sigmund
D:6:      minmay_chambers_of_fours, layout_loops_corners,
          minmay_temple_entry_stoned_glass, minmay_ruffians, uniq_maggie
D:7:      layout_basic, grunt_temple_overflow_magic_moments
D:8:      layout_basic, mainiacjoe_overflow_concentric_impassable,
          david_lair_shrubbed
D:9:      layout_basic, okawaru_trees_2
D:10:     layout_basic, worldfamousw_hep_ancestral_shrine,
          mainiacjoe_overflow_chevrons, uniq_psyche
D:11:     layout_layer_cave, orc_david_3, palyth_stone_intersect
D:12:     layout_rooms
D:13:     layout_roguey, ashenzari_conservatory_becter
D:14:     layout_long_grid, lightli_vaults_fourway_checkpoint, uniq_nessos,
          uniq_louise
D:15:     grunt_enter_depths_giant_problem, layout_long_grid, uniq_rupert
Temple:   compressed_dpeg_triangle_lava_temple
Lair:1:   layout_regular_city
Lair:2:   layout_layer_cave, guppyfry_snake_entry_garden, grunt_megastairs_5
Lair:3:   layout_small_grid, swamp_mist_pool, beast_lair_carwin_11
Lair:4:   layout_layer_cave, kennysheep_basilisk_garden, uniq_urug
Lair:5:   layout_gridlike, st_stairs_5, serial_bayou_lake_a, lemuel_fruit_fields
Lair:6:   hangedman_lair_tendril_chambers, layout_cave_pods, slime_altar_2,
          gammafunk_ghost_split
Swamp:1:  layout_basic_swamp, nicolae_swamp_godswood
Swamp:2:  layout_basic_swamp, hangedman_swamp_ruin_hall, swamp_pool4
Swamp:3:  layout_basic_swamp, evilmike_swamp_ruin_house_6
Swamp:4:  byrel_swamp_growth_death_and_undeath, layout_basic_swamp, swamp_pool1,
          hangedman_swamp_pad
Snake:1:  layout_onion_interference, serial_shops, nicolae_square_shop,
          nicolae_shop_waterfront, shop, nicolae_lakefront_shop,
          serial_bayou_crossing, serial_bayou_shore_b, serial_bayou_shore_b
Snake:2:  layout_onion_interference, uniq_azrael, uniq_nikola, uniq_frances
Snake:3:  layout_cave_town, basic_altar
Snake:4:  johnstein_snake_rune_scales, layout_cave_shapes, basic_altar,
          corexii_hall_statues_t, uniq_aizul, uniq_bai_suzhen
Slime:1:  layout_caves
Slime:2:  layout_caves
Slime:3:  layout_caves
Slime:4:  layout_caves, nicolae_slime_round_cave
Slime:5
Orc:1:    layout_caves, serial_shops, nicolae_shop_overgrown_old_shop,
          mines4_lemuel, uniq_gastronok
Orc:2:    st_orc_rangers, layout_diamond_mine, ebering_ghost_xom
Elf:1:    elf_arrival_002, layout_geoelf_octagon, serial_shops, shop_statue,
          nicolae_shop_hallway_stairs, nicolae_take_the_stairs,
          nicolae_lakefront_shop, portal_ice_cave_entry_ice_simulacra,
          orc_legates, hangedman_elf_disciples, uniq_donald
Elf:2:    nicolae_elf_blades_crystal_corner, layout_geoelf_diagonals,
          minmay_elf_sorcery
Elf:3:    minmay_elf_hall_circle, layout_loops_corners, hex_large
Vaults:1: nicolae_vaults_ring_of_whatevers, vaults_room_stairs_pillars,
          v_misc_5, v_rooms_6, grunt_vaults_funnel, vaults_room_door_ring,
          ontoclasm_vaults_spin, special_room_vaults [special_room_orc],
          vaults_dpeg_hooks, layout_vaults_omnigrid, serial_shops, shop
Vaults:2: grunt_vaults_hallway_long, v_misc_17, dpeg_vaults_monster_box,
          vaults_dpeg_cross, v_alt_pattern_3, v_misc_26, v_misc_33,
          nicolae_vaults_alarming, hangedman_vaults_nails,
          hangedman_vaults_cutoff, grunt_vaults_hallway_long,
          layout_vaults_ring, serial_shops,
          nicolae_shop_temple_entry_statues_fountains
Vaults:3: portal_desolation_entry_garden, minmay_crypt_entry_simple_plaza,
          hangedman_vaults_stagger, v_rooms_4, nicolae_vaults_ring_of_whatevers,
          nicolae_vaults_circle_grid_a, nicolae_vaults_rhombus_6,
          vaults_room_grunt_arrival_checkpoint, vaults_room_door_ring,
          layout_vaults_chaotic_city, enter_trove_3, uniq_saint_roka
Vaults:4: nicolae_vaults_fighting_squares, v_alt_pattern_2,
          grunt_vaults_hallway_long, ontoclasm_vaults_eye, grunt_vaults_focal,
          hangedman_vaults_capsules, nicolae_vaults_diagonal_hallway_6,
          v_misc_24, ontoclasm_vaults_twist, hangedman_vaults_locks,
          serial_ice_b, v_misc_28, grunt_vaults_hallway_short,
          layout_vaults_omnibox, serial_shops, shop
Vaults:5
Crypt:1:  layout_rooms, roderic_lattice_octagonal_star, uniq_boris,
          uniq_frederick
Crypt:2:  layout_misc_corridors, st_vampire_maze
Crypt:3:  due_elkab, layout_chaotic_city, nicolae_tomb_entry_grand_gallery
Depths:1: layout_cave_pools, minmay_misc_feat_alley, hell_entry,
          eino_small_chamber_without_monster, nicolae_uskayaw_suspiria,
          uniq_sojobo
Depths:2: grunt_double_whammy, layout_cave_pools, grunt_decor_mini_mirrors,
          hell_entry, pan_entry, minmay_staircase_statues
Depths:3: grated_community_mu [grated_community_mu_vampire_home,
          grated_community_mu_giant_home, grated_community_mu_spellcaster_home,
          grated_community_mu_orcish_home, grated_community_mu_troll_home,
          grated_community_mu_taur_home, grated_community_mu_unbuilt_plot],
          layout_cave_shapes, enter_ziggurat_e, hell_entry,
          hangedman_abyss_entry_splay, grunt_dithmenos_smoke,
          muffindrake_ghost_three_little_ghosts, grunt_tough_drop
Depths:4: evilmike_zot_entry_round, layout_basic, grunt_hell_horde, abyss_entry,
          serial_sigils, serial_sigils_hangedman_stare,
          serial_sigils_hangedman_gut, serial_sigils_hangedman_leer,
          serial_sigils_hangedman_shear, hangedman_decor_slide_cut, uniq_jory
Zot:1:    layout_onion, st_stairs_10, lemuel_lake_of_fire
Zot:2:    ebering_greatest_show_in_zot, layout_basic, bh_zot_levy_curve
Zot:3:    layout_twisted_circle, zot_minivault_1
Zot:4:    layout_gridlike, st_stairs_13
Zot:5:    layout_cathedral_of_symmetry

Skill      XL: |  1  2  3  4  5  6  7  8  9 10 11 12 13 14 15 16 17 18 19 20 21 22 23 24 25 26 27 |
---------------+----------------------------------------------------------------------------------+-----
Conjurations   | 5 6 8 11 12 13 14 | 14.0
Spellcasting   | 3 4 5 6 7 8 9 12 14 | 14.7
Fighting       | 2 4 5 7 8 9 10 11 12 13 14 16 19 | 19.3
Hexes          | 2 4 |  4.0
Dodging        | 4 5 6 8 9 10 11 12 13 15 18 20 22 24 26 27 | 27.0
Evocations     | 2 4 5 7 9 |  9.3
Translocations | 3 4 6 8 9 |  9.3
Staves         | 1 3 4 |  4.0
Transmutations | 2 5 8 11 12 15 | 15.1
Air Magic      | 2 5 7 8 11 14 15 | 15.0
Unarmed Combat | 5 8 10 12 13 19 | 19.9
Stealth        | 7 12 17 | 17.5
Necromancy     | 5 11 14 16 18 | 18.3

Action                   |  1- 3 |  4- 6 |  7- 9 | 10-12 | 13-15 | 16-18 | 19-21 | 22-24 | 25-27 || total
-------------------------+-------+-------+-------+-------+-------+-------+-------+-------+-------++-------
Melee: Dagger            |    13 |     4 |     2 |       |       |       |       |       |       ||    19
       Constrict         |     4 |     1 |     2 |     3 |       |       |       |       |     2 ||    12
       Tentacles         |     3 |     1 |     1 |     1 |     1 |       |       |       |     2 ||     9
       Staff             |       |       |     2 |     8 |     3 |       |       |       |    15 ||    28
       Unarmed           |       |       |       |       |   356 |   774 |   935 |  1089 |  1547 ||  4701
       Punch             |       |       |       |       |    21 |    77 |   103 |   115 |   174 ||   490
 Fire: Hunting sling     |       |       |     6 |       |       |       |       |       |       ||     6
Throw: Dart              |       |     3 |     5 |    13 |       |       |       |       |       ||    21
 Cast: Magic Dart        |    62 |    32 |    16 |       |       |       |       |       |       ||   110
       Searing Ray       |     7 |    18 |    41 |     3 |       |       |       |       |       ||    69
       Fulminant Prism   |       |     1 |    42 |   126 |    74 |     5 |       |       |       ||   248
       Iskenderun's Myst |       |       |     9 |    49 |    53 |       |       |       |       ||   111
       Apportation       |       |       |       |    14 |    54 |    21 |    23 |    11 |    15 ||   138
       Orb of Destructio |       |       |       |       |    22 |     3 |       |       |     1 ||    26
       Storm Form        |       |       |       |       |    61 |    73 |    97 |    96 |   173 ||   500
       Conjure Ball Ligh |       |       |       |       |    10 |     7 |     1 |       |       ||    18
       Manifold Assault  |       |       |       |       |       |    76 |    85 |   149 |   191 ||   501
       Passwall          |       |       |       |       |       |       |       |     2 |    17 ||    19
       Maxwell's Capacit |       |       |       |       |       |       |       |     2 |    15 ||    17
       Chain Lightning   |       |       |       |       |       |       |       |       |     5 ||     5
Invok: Curse Item        |       |       |     3 |     7 |     2 |     3 |     1 |     2 |     2 ||    20
       Shatter the Chain |       |       |       |       |     2 |     2 |     1 |     2 |     1 ||     8
 Abil: Blinkbolt         |       |       |       |       |    35 |    51 |    32 |    39 |    83 ||   240
Evoke: Wand              |       |       |       |     7 |     6 |     1 |     1 |       |     2 ||    17
       Lightning rod     |       |       |       |       |     4 |       |       |       |       ||     4
       Condenser vane    |       |       |       |       |       |       |       |       |     1 ||     1
  Use: Scroll            |     5 |     5 |     4 |     2 |     2 |     1 |     4 |     3 |    15 ||    41
       Potion            |       |       |       |       |     1 |       |       |       |    10 ||    11
 Stab: Sleeping          |     1 |       |     1 |       |     2 |     3 |    22 |    16 |     8 ||    53
       Distracted        |       |       |       |       |       |       |       |     5 |     3 ||     8
       Invisible         |       |       |       |       |       |       |       |       |     3 ||     3
Armor: Skin              |     2 |       |     6 |     6 |    96 |   143 |   110 |   102 |   227 ||   692
Dodge: Dodged            |    12 |    13 |    39 |    40 |   646 |   680 |   711 |   830 |  1218 ||  4189
Block: Other             |       |       |       |       |       |       |       |     7 |   181 ||   188
       Reflection        |       |       |       |       |       |       |       |       |     4 ||     4
       Orb               |       |       |       |       |       |       |       |       |     3 ||     3

Table legend: (Time is in decaauts)
 A = Elapsed time spent in this place.
 B = Non-inter-level travel time spent in this place.
 C = Inter-level travel time spent in this place.
 D = Time resting spent in this place.
 E = Time spent auto-exploring this place.
 F = Levels seen in this place.
 G = Mean time per level.
                   A        B        C        D        E       F      G
               +--------+--------+--------+--------+--------+-----+--------+
         Total |  72635 |  66597 |   6038 |   8861 |  41836 |  63 | 1152.9 |
       Dungeon |  20648 |  18536 |   2112 |   3938 |  11367 |  15 | 1376.5 |
        Temple |    226 |    206 |     20 |      0 |    200 |   1 |  226.0 |
          Lair |   8895 |   7964 |    931 |   1700 |   5089 |   6 | 1482.5 |
         Swamp |   3195 |   3040 |    155 |    110 |   2033 |   4 |  798.8 |
     Snake Pit |   3828 |   3596 |    232 |    287 |   2404 |   4 |  957.0 |
    Slime Pits |   3322 |   3041 |    281 |    597 |   1588 |   5 |  664.4 |
  Orcish Mines |   2010 |   1677 |    333 |     56 |   1061 |   2 | 1005.0 |
   Elven Halls |   3588 |   3309 |    279 |    135 |   2152 |   3 | 1196.0 |
        Vaults |   8756 |   8045 |    711 |    349 |   5664 |   5 | 1751.2 |
         Crypt |   3267 |   3105 |    162 |     25 |   1966 |   3 | 1089.0 |
        Depths |   5507 |   5145 |    362 |    602 |   3217 |   4 | 1376.8 |
           Zot |   7348 |   6891 |    457 |    853 |   4529 |   5 | 1469.6 |
         Abyss |    684 |    684 |      0 |     38 |      0 |   4 |  171.0 |
      Ice Cave |    419 |    419 |      0 |    127 |      0 |   1 |  419.0 |
    Desolation |    935 |    935 |      0 |     44 |    566 |   1 |  935.0 |
               +--------+--------+--------+--------+--------+-----+--------+

Top non-repeatable levels by time:
     D:6: 2647 daAuts
  Lair:6: 2491 daAuts
     D:9: 2036 daAuts
Depths:3: 1996 daAuts
Vaults:1: 1891 daAuts
Vaults:4: 1857 daAuts
   Zot:5: 1733 daAuts
Vaults:5: 1702 daAuts
Vaults:2: 1674 daAuts
Vaults:3: 1629 daAuts
 Crypt:3: 1596 daAuts
   Zot:4: 1593 daAuts
  Lair:5: 1588 daAuts
  Lair:2: 1573 daAuts
    D:11: 1567 daAuts
